 Dungeon Crawl Stone Soup version 0.19.0-19-g8c6edcc (webtiles) character file.

9 Gargoyl the Skirmisher (level 2, 24/24 HPs)
             Began as a Demonspawn Abyssal Knight on Nov 14, 2016.
             Was a Follower of Lugonu.
             Quit the game on level 1 of the Dungeon.
             The game lasted 00:01:05 (280 turns).

Gargoyl the Skirmisher (Demonspawn Abyssal Knight)   Turns: 280, Time: 00:01:06

Health: 24/24      AC:  6    Str: 12    XL:     2   Next: 6%
Magic:  4/4        EV: 10    Int: 13    God:    Lugonu [*.....]
Gold:   21         SH:  0    Dex: 12    Spells: 0 memorised, 1 level left

rFire  . . .     SeeInvis .     a - +1 hand axe
rCold  . . .     Gourm    .     g - +0 ring mail
rNeg   . . .     Faith    .     (no shield)
rPois  .         Spirit   .     (helmet restricted)
rElec  .         Reflect  .     i - +0 cloak
rCorr  .         Harm     .     (no gloves)
MR     .....                    (no boots)
Stlth  +.........               (no amulet)
                                (no ring)
                                (no ring)

@: no status effects
A: antennae 1
a: Depart the Abyss, Renounce Religion


You were on level 1 of the Dungeon.
You worshipped Lugonu.
Lugonu was aware of your devotion.
You were not hungry.

You visited 1 branch of the dungeon, and saw 1 of its levels.
You visited the Abyss 1 time.

You collected 21 gold pieces.

Inventory:

Hand Weapons
 a - a +1 hand axe (weapon)
Armour
 e - the +3 helmet of Recklessness {rElec rCorr}
   (You found it on level 2 of the Abyss)

   It insulates you from electricity.
   It protects you from acid and corrosion.
 g - a +0 ring mail (worn)
 i - a +0 cloak (worn)
Scrolls
 b - a scroll of identify {unknown}
 j - 2 scrolls of remove curse {unknown}
 l - a scroll of enchant weapon {unknown}
Potions
 d - 3 potions of curing {unknown}
 h - a potion of haste {unknown}
 k - a potion of lignification {unknown}
Comestibles
 c - 2 bread rations
 f - a meat ration


   Skills:
 + Level 3.1 Fighting
 + Level 1.8 Axes
 * Level 2.0 Armour
 + Level 0.8 Dodging
 * Level 2.8 Invocations


You had one spell level left.
You didn't know any spells.

Dungeon Overview and Level Annotations

Branches:
Dungeon (1/15)

Altars:


Innate Abilities, Weirdness & Mutations

You have a pair of small antennae on your head.


Message History

The hobgoblin is almost dead.
The hobgoblin barely misses you.
You hit the hobgoblin.
You kill the hobgoblin!
Lugonu accepts your kill.
You have reached level 2!
Your demonic ancestry asserts itself...
A pair of antennae grows on your head!
The +3 helmet of Recklessness {rElec rCorr} falls away!
Your ring mail prevents you from hitting the kobold.
The kobold barely misses you. The kobold hits you but does no damage.
You closely miss the kobold. The kobold hits you but does no damage.
You hit the kobold.
You kill the kobold!
Lugonu accepts your kill.
Things that are here:
a club; a kobold corpse
Found 24 stones.
Found 10 gold pieces and a scroll labeled NOIGRU QUYWI.
Are you sure you want to abandon this character and quit the game? (Confirm with "yes".)

####?....$.... .....#(...... .#
...........### .#
..####........... ..
#.....##........#
..###................###
.......................##
#...............@.......#
......................#.#
................)........
.....................##.
....................##
.†.................## #
###.##.....#......##### ..
......................######.#
..##.####.#..#[.....#.#......#.


There were no monsters in sight!

Vanquished Creatures
  A giant cockroach (D:1)
  3 hobgoblins (D:1)
  A ball python (D:1)
  A frilled lizard (D:1)
  A kobold (D:1)
  3 rats (D:1)
10 creatures vanquished.

Notes
Turn   | Place    | Note
-------+----------+-------------------------------------------
     0 | Abyss:1  | Gargoyl the Demonspawn Abyssal Knight began the quest for the Orb.
     0 | Abyss:1  | Reached XP level 1. HP: 18/18 MP: 2/2
    24 | Abyss:2  | Found a radiant altar of Vehumet.
    27 | Abyss:2  | Got a translucent helmet
    33 | Abyss:2  | Identified the +3 helmet of Recklessness {rElec rCorr} (You found it on level 2 of the Abyss)
    66 | Abyss:3  | Noticed a small abomination
    67 | D:1      | Escaped the Abyss
   142 | D:1      | Reached * piety under Lugonu
   273 | D:1      | Gained mutation: You have a pair of small antennae on your head. [demonic ancestry]
   273 | D:1      | Reached XP level 2. HP: 24/24 MP: 4/4
   280 | D:1      | Quit the game

Skill      XL: |  1 |
---------------+----+-----
Armour         | 2 |  2.0
Fighting       | |  3.1
Axes           | |  1.8
Dodging        | |  0.8
Invocations    | |  2.8

Action                   || total
-------------------------++-------
Melee: Hand axe          ||    22
Invok: Depart the Abyss  ||     1
Armor: Ring mail         ||    11
Dodge: Dodged            ||    13
